 Dungeon Crawl Stone Soup version 0.20.1-1-g8b1a95d (webtiles) character file.

355 Gorakil the Chopper (level 6, -4/48 HPs)
             Began as a Human Berserker on July 20, 2017.
             Was a Believer of Trog.
             Slain by an ogre
             ... wielding a +0 giant spiked club
              (9 damage)
             ... on level 5 of the Dungeon.
             The game lasted 00:21:02 (2061 turns).

Gorakil the Chopper (Human Berserker)               Turns: 2061, Time: 00:21:03

Health: -4/48      AC:  5    Str: 19    XL:     6   Next: 95%
Magic:  6/6        EV: 12    Int:  8    God:    Trog [**....]
Gold:   164        SH:  0    Dex: 12    Spells: 5/5 levels left

rFire    . . .     SeeInvis .   q - +0 long sword (curse)
rCold    . . .     Gourm    .   (no shield)
rNeg     . . .     Faith    .   h - +0 ring mail
rPois    +         Spirit   .   (no helmet)
rElec    .         Reflect  .   (no cloak)
rCorr    .         Harm     .   (no gloves)
MR       .....                  (no boots)
Stlth    +.........             (no amulet)
Regen    0.2/turn               l - ring of flight
MPRegen  0.1/turn               o - ring of poison resistance

@: no status effects
A: no striking features
a: Berserk, Trog's Hand, Burn Spellbooks, Renounce Religion, Evoke Flight


You were on level 5 of the Dungeon.
You worshipped Trog.
Trog was pleased with you.
You were not hungry.

You visited 1 branch of the dungeon, and saw 5 of its levels.

You collected 164 gold pieces.

Inventory:

Hand Weapons
 a - a +0 hand axe
 q - a cursed +0 long sword (weapon)
Armour
 b - a +0 animal skin
 d - a +0 leather armour
 h - a +0 ring mail (worn)
Magical Staves
 k - an uncursed staff of death {unknown}
Jewellery
 l - a ring of flight (left hand)
 o - a ring of poison resistance (right hand)
Wands
 i - a wand of lightning (11/15)
Scrolls
 c - 3 scrolls of recharging {unknown}
 e - a scroll of amnesia {unknown}
 g - 5 scrolls of identify {unknown}
 m - a scroll of teleportation
Potions
 f - a potion of lignification
 j - a potion of curing {unknown}
Comestibles
 n - a bread ration
 p - a meat ration


   Skills:
 + Level 4.1 Fighting
 + Level 1.4 Long Blades
 + Level 4.8 Axes
 + Level 3.5 Armour
 + Level 3.4 Dodging


You had 5 spell levels left.
You didn't know any spells.

Dungeon Overview and Level Annotations

Branches:
Dungeon (5/15)
 Temple: D:4-7

Altars:
Qazlal


Message History

The ogre shouts!
You hit the ogre.
The ogre is lightly wounded.
The ogre misses you.
You hit the ogre.
The ogre is moderately wounded.
The ogre closely misses you.
You riposte.
You hit the ogre.
The ogre is heavily wounded.
You hit the ogre.
The ogre is severely wounded.
The ogre hits you with a giant spiked club!!
Ouch! That really hurt!
* * * LOW HITPOINT WARNING * * *
You hit the ogre.
The ogre is severely wounded.
The ogre misses you.
You hit the ogre.
The ogre is almost dead.
The ogre hits you with a giant spiked club!
You die...

#.# #.#
#.# #.#
#.# #)#
#.#
######.#
#...O@.#
#....###
.......
##.....
#..#.#
#..#. #.
#. # ..


You could see an ogre.

Vanquished Creatures
  The ghost of noisi the Slasher, an amateur HaCK of Xom (D:4)
  A hound (D:4)
  A worker ant (D:3)
  Robin (D:3)
  6 adders
  An ooze (D:3)
  2 dart slugs (D:1)
  4 leopard geckos
  A ball python (D:2)
  3 giant cockroaches
  10 goblins
  10 hobgoblins
  5 kobolds
  6 bats
  A frilled lizard (D:1)
  4 rats
57 creatures vanquished.

Notes
Turn   | Place    | Note
-------+----------+-------------------------------------------
     0 | D:1      | Gorakil the Human Berserker began the quest for the Orb.
     0 | D:1      | Reached XP level 1. HP: 18/18 MP: 1/1
   112 | D:1      | Reached XP level 2. HP: 7/24 MP: 2/2
   508 | D:1      | Reached XP level 3. HP: 26/29 MP: 3/3
   687 | D:2      | You fall through a shaft!
   758 | D:3      | Noticed Robin
   777 | D:3      | Reached ** piety under Trog
   782 | D:3      | Reached XP level 4. HP: 29/35 MP: 4/4
   783 | D:3      | Killed Robin
  1041 | D:3      | Found a stormy altar of Qazlal.
  1193 | D:2      | Reached XP level 5. HP: 23/41 MP: 5/5
  1977 | D:4      | Noticed noisi's ghost (amateur HaCK)
  1991 | D:4      | Reached XP level 6. HP: 48/48 MP: 6/6
  2004 | D:4      | Killed noisi's ghost
  2004 | D:4      | Reached skill level 1 in Long Blades
  2024 | D:4      | Noticed a phantom
  2047 | D:5      | Entered Level 5 of the Dungeon
  2055 | D:5      | Noticed an ogre
  2061 | D:5      | Slain by an ogre

Skill      XL: |  1  2  3  4  5  6 |
---------------+-------------------+-----
Axes           | 4 |  4.8
Dodging        | 3 |  3.4
Fighting       | 4 |  4.1
Long Blades    | 1 |  1.4
Armour         | 3 |  3.5

Action                   |  1- 3 |  4- 6 || total
-------------------------+-------+-------++-------
Melee: Hand axe          |    81 |    95 ||   176
       Long sword        |       |    34 ||    34
Invok: Berserk           |       |     2 ||     2
       Trog's Hand       |       |     1 ||     1
  Use: Potion            |     1 |     1 ||     2
       Scroll            |     1 |       ||     1
  Eat: Bread ration      |     1 |     1 ||     2
Armor: Leather armour    |    10 |       ||    10
       Ring mail         |    17 |    41 ||    58
Dodge: Dodged            |    51 |    83 ||   134
       Rpst.: Long sword |       |    12 ||    12
